 Dungeon Crawl Stone Soup version 0.26.0-18-gc5c842f807 (webtiles) character file.

Game seed: 1602849767937990379

266 kaeus the Firebug (level 6, -1/36 HPs)
             Began as an Octopode Fire Elementalist on Jan 22, 2021.
             Slain by a wraith (12 damage)
             ... in an ossuary.
             The game lasted 00:03:08 (5846 turns).

kaeus the Firebug (Octopode Fire Elementalist)      Turns: 5846, Time: 00:03:08

Health: -1/36      AC:  1    Str:  7    XL:     6   Next: 20%
Magic:  8/10       EV: 14    Int: 19    God:
Gold:   96         SH:  0    Dex: 13    Spells: 10/11 levels left

rFire    + . .     SeeInvis .   c - +1 dagger (protect)
rCold    + . .     Faith    .   (no shield)
rNeg     . . .     Spirit   .   (helmet restricted)
rPois    +         Reflect  .   (no amulet)
rElec    +         Harm     .   a - ring of flight
rCorr    +         Rampage  .   (no ring)
Will     .....                  (no ring)
Stlth    +++.......             (no ring)
HPRegen  0.12/turn              (no ring)
MPRegen  0.12/turn              (no ring)
                                (no ring)
                                (no ring)

@: resistant, attractive, slowed, very slow
A: almost no armour, stealthy swim, amphibious, 8 rings, constrict 8, camouflage
1, gelatinous body 1
a: Evoke Flight


You were in an ossuary.
You visited 1 branch of the dungeon, and saw 4 of its levels.
You also visited: Ossuary.

You collected 96 gold pieces.

Inventory:

Hand Weapons
 c - a +1 dagger of protection (weapon)
Jewellery
 a - a ring of flight (left tentacle)
Wands
 o - a wand of random effects (22)
Scrolls
 b - a scroll of teleportation {unknown}
 e - 2 scrolls of remove curse {unknown}
 g - 2 scrolls of magic mapping {unknown}
 h - a scroll of blinking {unknown}
 l - 3 scrolls of identify {unknown}
 q - a scroll of enchant weapon {unknown}
 s - a scroll of amnesia {unknown}
Potions
 d - a potion of ambrosia {unknown}
 f - a potion of heal wounds
 i - a potion of resistance
 j - a potion of cancellation {unknown}
 k - 2 potions of attraction
 m - 2 potions of mutation {unknown}
 n - a potion of brilliance {unknown}
 p - a potion of curing {unknown}
 r - a potion of might {unknown}
 t - a potion of flight {unknown}
 u - a potion of lignification {unknown}


   Skills:
 + Level 3.3 Dodging
 - Level 2.6 Stealth
 + Level 3.0 Spellcasting
 + Level 2.7 Conjurations
 * Level 4.8 Fire Magic


You had 10 spell levels left.
You knew the following spells:

 Your Spells              Type           Power        Failure   Level
a - Foxfire               Conj/Fire      68%          3%          1

Your spell library contained the following spells:

 Spells                   Type           Power        Failure   Level
 Conjure Flame            Conj/Fire      17%          10%         3
 Inner Flame              Hex/Fire       12%          17%         3
 Sticky Flame             Conj/Fire      17%          32%         4
 Fireball                 Conj/Fire      8%           65%         5


Dungeon Overview and Level Annotations

Branches:
Dungeon (4/15)            Ossuary (1/1)
 Temple: D:4-7

Altars:
Qazlal


Innate Abilities, Weirdness & Mutations

You cannot wear most types of armour.
You are very stealthy in the water. (Stealth+)
You are amphibious.
You can wear up to eight rings at the same time.
You can use your tentacles to constrict eight enemies at once.
Your skin changes colour to match your surroundings (Stealth+).
Your rubbery body absorbs attacks. (AC +1, EV +1)


Message History

The wraith is lightly damaged.
The wraith hits you. The wraith misses you.
You take 3 damage, and have 14/36 hp.
You hit the wraith but do no damage.
The wraith is lightly damaged.
The wraith hits you!
* * * LOW HITPOINT WARNING * * *
You take 9 damage, and have 5/36 hp.
MASSIVE DAMAGE!!
You feel much better. The wraith hits you! The wraith drains your vigour!
You feel as though you will be slow longer.
The wraith hits you!
You regained 13 hp, and now have 18/36 hp.
Casting: Foxfire (safe; 3% risk of failure)
Confirm with . or Enter, or press ? or * to list all spells.
You conjure some foxfire!
The wraith hits you!
You take 7 damage, and have 11/36 hp.
You now have 9/10 mp.
Casting: Foxfire (safe; 3% risk of failure)
Confirm with . or Enter, or press ? or * to list all spells.
You conjure some foxfire!
The wraith hits you!
You die...

###############
...............
...............
#####'#####
##.........##
##§..#####...##
##§vv##...##...##
#.v@##...!.##...#
+.v.W.!!?!!.#...+
#...##.!.?.##...#
##...##...##...##
##...#####...## .
##.........##...
.#####'#####....
.................
.................


You could see a wraith.

Vanquished Creatures
  Crazy Yiuf (D:2)
  Natasha (thrice) (D:2)
  A mummy (Ossuary)
  5 adders
  An ufetubus (D:3)
  2 worms
  2 dart slugs (D:1)
  A leopard gecko (D:3)
  10 orcs
  6 bats (D:1)
  5 giant cockroaches
  6 goblins
  6 hobgoblins
  6 jackals (D:3)
  5 kobolds
  2 quokkas (D:3)
  8 frilled lizards
  A gnoll skeleton (Ossuary)
  A kobold skeleton (Ossuary)
  7 orc skeletons (Ossuary)
  8 rats
87 creatures vanquished.

Vanquished Creatures (others)
  286 foxfires
  A fungus (D:2)
  10 plants (D:3)
297 creatures vanquished.

Grand Total: 384 creatures vanquished

Notes
Turn   | Place    | Note
-------+----------+-------------------------------------------
     0 | D:1      | kaeus the Octopode Fire Elementalist began the quest for
                  | the Orb.
     0 | D:1      | Reached XP level 1. HP: 11/11 MP: 3/3
   294 | D:1      | Reached XP level 2. HP: 17/17 MP: 0/5
  1152 | D:1      | Reached XP level 3. HP: 21/21 MP: 2/6
  2303 | D:2      | Reached XP level 4. HP: 27/27 MP: 1/7
  2619 | D:2      | Noticed Natasha
  2626 | D:2      | Killed Natasha
  2627 | D:2      | Reached skill level 4 in Fire Magic
  2720 | D:2      | Found a runed translucent door.
  2721 | D:2      | Noticed Crazy Yiuf
  3023 | D:2      | Killed Crazy Yiuf
  3024 | D:2      | Reached XP level 5. HP: 18/31 MP: 2/9
  3624 | D:2      | Noticed Natasha
  3628 | D:2      | Killed Natasha
  4087 | D:2      | Noticed Natasha
  4091 | D:2      | Killed Natasha
  4829 | D:3      | Found a stormy altar of Qazlal.
  5015 | D:3      | Reached XP level 6. HP: 36/36 MP: 6/10
  5597 | D:4      | Found a sand-covered staircase.
  5602 | Ossuary  | Entered an ossuary
  5602 | Ossuary  | Noticed a wraith
  5602 | Ossuary  | Noticed a wraith
  5602 | Ossuary  | Noticed a wraith
  5809 | Ossuary  | Noticed a wraith
  5846 | Ossuary  | Slain by a wraith

Illustrated notes

Levels and vault maps discovered:
D:1:      wander_arrival_peaceful_grave, layout_basic, st_stairs_14,
          serial_park_tiny_2, chequers_serial_rivers_micro_c,
          serial_bayou_ford_a
D:2:      layout_loops_ring, uniq_natasha, uniq_crazy_yiuf_cottage
D:3:      layout_loops_ring, wad_woods_river_04, grunt_qazlal_sundering
D:4:      layout_loops_ring, kennysheep_slug_shrine, nicolae_ossuary_entry_ruins
Ossuary:  ossuary_due_mausoleum

Skill      XL: |  1  2  3  4  5 |
---------------+----------------+-----
Conjurations   | 2 |  2.7
Fire Magic     | 4 |  4.8
Dodging        | 3 |  3.3
Spellcasting   | 3 |  3.0
Stealth        | |  2.6

Action                   |  1- 3 |  4- 6 || total
-------------------------+-------+-------++-------
Melee: Club              |    19 |       ||    19
       Constrict         |    11 |     7 ||    18
       Tentacles         |     4 |     7 ||    11
       Dagger            |    10 |    37 ||    47
 Cast: Foxfire           |    81 |   146 ||   227
  Use: Potion            |       |     4 ||     4
 Stab: Sleeping          |     1 |       ||     1
Armor: Skin              |     2 |     4 ||     6
Dodge: Dodged            |    25 |    23 ||    48
